AoeStats
← Element

Arena

505191186Analyzed
4v4 RM · 24d ago on Sep 8, 2026· 48m 12s· 8 players
Game mode
Random Map
Map size
Large (8 player)
Population
200
Speed
Normal
Resources
Standard
Victory
Conquest
Starting age
Dark Age
Ending age
Imperial Age
RankedLock teamsTeams togetherTeam positionsShared explorationLock speedFull tech treeHidden civsTurbo modeCheats
Victory
Defeat
🇨🇳 Mongols · China
1506
+13
🇿🇦 Bohemians · South Africa
1402
+18
🇦🇷 Turks · Argentina
1358
+20
🇦🇷 Spanish · Argentina
1358
+19
🇨🇳 Ethiopians · China
1517
-20
🇨🇳 Lithuanians · China
1449
-18
🇨🇳 Goths · China
1416
-17
🇨🇳 Spanish · China
1378
-15
Pielover757
10:13 Feudal Age
11:26 Loom
11:40 Double-Bit Axe
14:23 Castle Age
12:37 Double-Bit Axe
13:54 Horse Collar
16:37 Fervor
21:47 Wheelbarrow
21:37 Sanctity
21:46 Fletching
24:26 Bodkin Arrow
26:56 Chemistry
28:02 Bow Saw
30:04 Hand Cart
29:54 Town Watch
34:05 Imperial Age
34:15 Padded Archer Armor
34:18 Scale Mail Armor
34:29 Forging
34:31 Masonry
34:34 Pikeman
35:14 Squires
36:01 Halberdier
36:58 Chain Mail Armor
37:18 Iron Casting
36:55 Wagenburg Tactics
36:59 Houfnice
40:04 Plate Mail Armor
42:43 Blast Furnace
42:09 Arson
43:36 Conscription
43:22 Wagenburg Tactics
牛比无极限
9:44 Feudal Age
14:19 Castle Age
12:32 Horse Collar
13:28 Double-Bit Axe
22:22 Bow Saw
23:49 Wheelbarrow
23:00 Loom
23:21 Heavy Plow
29:51 Imperial Age
27:34 Fletching
29:10 Hand Cart
30:18 Ballistics
30:19 Bodkin Arrow
30:24 Padded Archer Armor
30:37 Bloodlines
30:27 Husbandry
31:37 Chemistry
31:18 Thumb Ring
31:39 Parthian Tactics
32:00 Conscription
32:03 Bracer
32:18 Gold Mining
34:05 Elite Mangudai
34:27 Light Cavalry
35:24 Leather Archer Armor
34:42 Heavy Camel Rider
35:30 Scale Barding Armor
36:10 Forging
37:13 Hussar
41:03 Chain Barding Armor
41:19 Iron Casting
45:30 Blast Furnace
46:43 Capped Ram
47:57 Drill
47:41 Siege Ram
Vinci_PL
11:24 Feudal Age
15:52 Castle Age
14:03 Double-Bit Axe
15:20 Loom
21:20 Imperial Age
19:30 Bow Saw
21:25 Wheelbarrow
20:41 Horse Collar
22:45 Wheelbarrow
24:26 Town Watch
27:37 Hand Cart
28:43 Fletching
34:50 Heavy Plow
36:46 Forging
37:45 Fortified Wall
39:21 Scale Barding Armor
39:52 Iron Casting
39:29 Bloodlines
39:20 Husbandry
39:37 Gold Mining
42:20 Blast Furnace
41:40 Chain Barding Armor
42:24 Blast Furnace
43:02 Plate Barding Armor
43:29 Blast Furnace
42:30 Padded Archer Armor
43:34 Blast Furnace
42:34 Padded Archer Armor
Element
10:59 Feudal Age
9:57 Loom
15:28 Castle Age
13:56 Double-Bit Axe
18:21 Fletching
30:09 Wheelbarrow
33:42 Murder Holes
33:59 Masonry
34:10 Ballistics
35:33 Hand Cart
36:12 Fortified Wall
36:21 Forging
36:16 Scale Barding Armor
38:11 Husbandry
41:09 Imperial Age
40:09 Bloodlines
40:22 Chain Barding Armor
40:37 Iron Casting
41:22 Cavalier
43:14 Plate Barding Armor
43:39 Blast Furnace
43:32 Town Watch
44:12 Paladin
44:48 Light Cavalry
45:57 Bodkin Arrow
小弱鸡
10:43 Feudal Age
14:25 Castle Age
12:17 Double-Bit Axe
12:37 Horse Collar
15:38 Bow Saw
19:26 Loom
20:35 Heavy Plow
20:38 Town Watch
22:27 Wheelbarrow
28:05 Imperial Age
25:45 Treadmill Crane
26:03 Stone Mining
26:30 Hand Cart
26:49 Scale Barding Armor
27:23 Stone Shaft Mining
27:54 Gold Mining
28:14 Scale Barding Armor
28:19 Forging
29:10 Conscription
28:24 Elite Leitis
29:08 Husbandry
29:24 Bloodlines
30:18 Masonry
30:33 Chain Barding Armor
30:49 Iron Casting
31:20 Two-Man Saw
30:53 Crop Rotation
31:59 Hoardings
32:02 Plate Barding Armor
31:33 Murder Holes
32:46 Guilds
34:28 Fletching
35:09 Tower Shields
35:07 Bodkin Arrow
35:13 Padded Archer Armor
34:46 Elite Skirmisher
35:33 Thumb Ring
35:59 Bracer
37:32 Chemistry
37:04 Architecture
37:52 Ballistics
37:49 Devotion
39:21 Leather Archer Armor
39:34 Fortified Wall
41:09 Ring Archer Armor
41:44 Hill Forts
42:26 Scale Mail Armor
41:48 Pikeman
42:29 Squires
42:14 Arson
43:26 Bombard Tower
42:37 Halberdier
43:57 Chain Mail Armor
44:01 Light Cavalry
给你一棒槌
10:48 Feudal Age
14:22 Castle Age
12:48 Double-Bit Axe
13:11 Horse Collar
15:43 Bow Saw
20:35 Scale Mail Armor
24:47 Chain Mail Armor
31:10 Loom
32:02 Wheelbarrow
37:30 Imperial Age
35:11 Padded Archer Armor
35:44 Elite Skirmisher
36:40 Gold Mining
36:57 Fletching
37:27 Leather Archer Armor
38:09 Bodkin Arrow
39:30 Ballistics
方中
11:22 Feudal Age
15:26 Castle Age
13:26 Double-Bit Axe
13:22 Horse Collar
16:31 Bow Saw
20:21 Wheelbarrow
21:32 Heavy Plow
21:36 Loom
24:11 Hand Cart
29:24 Imperial Age
27:07 Scale Mail Armor
27:18 Forging
26:58 Fletching
27:19 Town Watch
27:48 Masonry
28:32 Chain Mail Armor
28:20 Gold Mining
28:21 Stone Mining
29:34 Iron Casting
29:52 Anarchy
29:56 Squires
30:52 Conscription
30:34 Perfusion
32:36 Blast Furnace
34:17 Elite Huskarl
42:18 Architecture
42:11 Ballistics
43:51 Chemistry
43:13 Pikeman
45:26 Halberdier
huangtmc
10:27 Feudal Age
14:30 Castle Age
12:57 Double-Bit Axe
13:58 Loom
15:42 Horse Collar
17:49 Bow Saw
18:01 Stone Mining
19:50 Gold Mining
20:48 Padded Archer Armor
22:06 Leather Archer Armor
23:00 Town Watch
29:24 Wheelbarrow
30:56 Hand Cart
43:54 Imperial Age
43:39 Stone Shaft Mining
45:48 Pikeman
46:16 Gambesons
46:32 Squires
46:19 Arson
46:48 Forging
46:39 Scale Mail Armor
46:54 Halberdier
48:12 Iron Casting
47:45 Scale Barding Armor
47:31 Fletching
48:12 Ring Archer Armor
47:55 Bloodlines
47:48 Husbandry
47:10 Light Cavalry
48:35 Conscription
Connection lost

Rejoining the realm…

Still unreachable

The connection could not be restored.

Session expired

The server has moved on; the page needs a fresh start.